Map: Moonlight Madness LE (Void)

Players

AcerBly (Bly) - Winner!

  • Race: Zerg Zerg
  • League: Diamond

Teebul

  • Race: Protoss Protoss
  • League: Diamond

Event: Lycan League Weekly September #1

VOD

Have the link to the VOD?

Description

Time

  • Played on: Sept. 21, 2015, 1:19 p.m.
  • Length: 6:00

All games in this series

Show
View Real Time Build Order
Export as new Build Order

AcerBly Zerg - Winner!

Build Orders: Hatch First, Ravager All-In 

Get SALT Encoding   

  12  0:01  Drone  
  13  0:13  Overlord  
  13  0:17  Drone  
  14  0:32  Drone x2  
  16  0:39  Drone  
  17  0:53  Hatchery  
  16  0:57  Drone x2  
  18  1:06  Extractor  
  17  1:13  Spawning Pool  
  17  1:17  Drone  
  17  1:20  Drone  
  18  1:37  Drone  
  19  1:40  Overlord  
  19  2:01  Zergling x4  
  19  2:03  Queen  
  19  2:04  Queen  
  19  2:07  Metabolic Boost  
  25  2:09  Drone  
  25  2:12  Drone  
  27  2:22  Drone  
  28  2:28  Drone x2  
  30  2:34  Drone  
  31  2:38  Overlord  
  32  2:44  Drone  
  32  2:47  Extractor  
  32  2:50  Drone  
  32  2:54  Drone  
  33  2:59  Drone  
  34  3:12  Roach Warren  
  33  3:14  Drone x5  
  33  3:15  Drone  
  33  3:18  Zergling x4  
  33  3:19  Zergling x4  
  43  3:21  Overlord  
  43  3:30  Evolution Chamber  
  43  3:33  Overlord x2  
  42  3:56  Roach x5  
  42  3:59  Roach x3  
  58  4:07  Overlord  
  58  4:22  Zergling x6  
  58  4:23  Zergling x14  
  68  4:26  Ravager x4  
  72  4:33  Zergling x4  
  72  4:35  Ravager  
  75  4:43  Overlord  
  75  4:48  Overlord  
  68  5:18  Zergling x20  
  65  5:39  Ravager  
  65  5:40  Hatchery  
  59  5:56  Extractor  
  64  5:57  Extractor  
Show
View Real Time Build Order
Export as new Build Order

Teebul Protoss 

Build Orders: 1 Gate Expand, Oracle Opening 

Get SALT Encoding   

  12  0:00  Probe (Chrono Boost)  
  13  0:10  Probe (Chrono Boost)  
  14  0:18  Pylon  
  14  0:21  Probe (Chrono Boost)  
  15  0:35  Probe (Chrono Boost)  
  16  0:43  Gateway  
  16  0:45  Probe (Chrono Boost)  
  17  0:55  Probe (Chrono Boost)  
  18  1:05  Probe (Chrono Boost)  
  19  1:15  Nexus  
  19  1:18  Probe (Chrono Boost)  
  19  1:25  Pylon  
  20  1:28  Probe (Chrono Boost)  
  21  1:33  Assimilator  
  21  1:38  Probe (Chrono Boost)  
  21  1:39  Assimilator  
  22  1:49  Probe (Chrono Boost)  
  22  1:51  Cybernetics Core  
  23  1:58  Probe (Chrono Boost)  
  24  2:04  Zealot  
  26  2:08  Probe (Chrono Boost)  
  27  2:17  Pylon  
  27  2:18  Probe (Chrono Boost)  
  28  2:26  Warp Gate  
  28  2:27  Probe (Chrono Boost)  
  28  2:28  Probe (Chrono Boost)  
  30  2:34  Sentry  
  32  2:37  Probe (Chrono Boost)  
  32  2:39  Probe (Chrono Boost)  
  34  2:48  Mothership Core (Chrono Boost)  
  36  2:57  Probe (Chrono Boost)  
  37  3:06  Probe (Chrono Boost)  
  37  3:07  Probe (Chrono Boost)  
  37  3:09  Robotics Facility  
  38  3:16  Probe (Chrono Boost)  
  38  3:17  Assimilator  
  38  3:18  Probe (Chrono Boost)  
  40  3:26  Sentry, Probe (Chrono Boost)  
  43  3:28  Probe (Chrono Boost)  
  44  3:36  Gateway  
  44  3:39  Gateway  
  44  3:40  Gateway, Probe (Chrono Boost)  
  45  3:42  Probe (Chrono Boost)  
  45  3:44  Oracle  
  46  3:49  Pylon  
  46  3:52  Sentry  
  46  3:53  Probe (Chrono Boost)  
  46  3:54  Immortal (Chrono Boost)  
  49  3:59  Probe (Chrono Boost)  
  54  4:03  Pylon  
  54  4:12  Gateway  
  54  4:13  Pylon  
  54  4:23  Immortal (Chrono Boost)  
  58  4:36  Sentry  
  58  4:37  Sentry  
  62  4:42  Gateway  
  62  4:45  Gateway x2  
  62  4:50  Sentry  
  62  4:55  Stalker  
  54  5:08  Zealot x2  
  39  5:22  Pylon  
  39  5:23  Adept x2  
  32  5:29  Adept  
  32  5:30  Adept  
  36  5:37  Pylon  
  30  5:48  Adept  
  28  5:52  Adept  

Tags
 
Add a new tag
Caveats
  • Supply blocks, unpowered buildings, or Contaminate may cause inaccurate times.
  • Supply counts are checked every 10 seconds.